 Dungeon Crawl Stone Soup version 0.20-a0-445-gc6cb2a6 (webtiles) character file.

4466 DarthKuruptios2 the Basher (level 10, -7/64 HPs)
             Began as a Gargoyle Fighter on Jan 5, 2017.
             Was an Elder of Trog.
             Killed by divine providence
             ... invoked by an orc priest
              (11 damage)
             ... on level 8 of the Dungeon on Jan 6, 2017.
             The game lasted 00:32:27 (7979 turns).

DarthKuruptios2 the Basher (Gargoyle Fighter)       Turns: 7979, Time: 00:32:27

Health: -7/64      AC: 19    Str: 20    XL:     10   Next: 37%
Magic:  10/10      EV:  5    Int:  9    God:    Trog [****..]
Gold:   271        SH: 11    Dex: 15    Spells: 9/9 levels left

rFire  . . .     SeeInvis .     x - +1 flail (holy)
rCold  . . .     Gourm    .     r - +0 plate armour
rNeg   + + .     Faith    +     c - +0 shield
rPois  ∞         Spirit   .     (no helmet)
rElec  +         Reflect  .     (no cloak)
rCorr  .         Harm     .     e - +0 pair of gloves
MR     ++...                    (no boots)
Stlth  ..........               F - amulet of faith
                                n - ring of flight
                                t - ring of Veett {*Contam +Fly rN+ AC-2 Dex+3}

@: about to teleport, regenerating
A: negative energy resistance 1, electricity resistance, unbreathing,
petrification resistance, rot immunity, AC +7
a: Berserk, Trog's Hand, Brothers in Arms, Burn Spellbooks, Renounce Religion,
Evoke Flight


You were on level 8 of the Dungeon.
You worshipped Trog.
Trog was greatly pleased with you.
You were not hungry.

You visited 1 branch of the dungeon, and saw 8 of its levels.
You also visited: Sewer.

You collected 376 gold pieces.
You spent 105 gold pieces at shops.

Inventory:

Hand Weapons
 a - a +0 flail
 x - a +1 flail of holy wrath (weapon)
Missiles
 l - 8 javelins (quivered)
Armour
 c - a +0 shield (worn)
 e - a +0 pair of gloves (worn)
 r - a +0 plate armour (worn)
Jewellery
 n - a ring of flight (right hand)
 t - the ring of Veett (left hand) {*Contam +Fly rN+ AC-2 Dex+3}
   (You bought it in a shop on level 4 of the Dungeon)

   [ring of protection]

   It affects your AC (-2).
   It affects your dexterity (+3).
   It protects you from negative energy.
   It lets you fly.
   It causes magical contamination when unequipped.
 F - an amulet of faith (around neck)
Wands
 j - a wand of paralysis (9/24)
Scrolls
 h - a scroll of enchant weapon {unknown}
 k - a scroll of immolation
 v - 2 scrolls of recharging
 y - a scroll of fog
 B - a scroll of enchant armour
 D - 3 scrolls of blinking
 E - 2 scrolls of identify
 G - 4 scrolls of remove curse
Potions
 d - 2 potions of brilliance
 i - a potion of cure mutation {unknown}
 m - 7 potions of curing {unknown}
 o - a potion of cancellation {unknown}
 p - a potion of agility {unknown}
 s - 3 potions of flight {unknown}
 w - 3 potions of haste {unknown}
 A - a potion of degeneration {unknown}
 J - a potion of berserk rage {unknown}
Comestibles
 b - 3 chunks of flesh
 f - 10 bread rations
 g - 7 beef jerkies
 q - 3 meat rations


   Skills:
 + Level 7.9 Fighting
 * Level 9.8 Maces & Flails
 + Level 7.9 Armour
 + Level 7.9 Shields


You had 9 spell levels left.
You didn't know any spells.

Dungeon Overview and Level Annotations

Branches:
Dungeon (8/15)             Temple (0/1) D:7            Lair (0/6) D:8

Altars:
Dithmenos
Kikubaaqudgha
Nemelex Xobeh
Sif Muna
Trog
Vehumet

Shops:
D:4 =   D:7 [


Innate Abilities, Weirdness & Mutations

You are resistant to torment.
Your stone body is resilient. (AC +7)
You are immune to poison.
You resist negative energy. (rN+)
You are resistant to electric shocks. (rElec)
You can survive without breathing.
You are immune to petrification.
You are immune to rotting.


Message History

The orc priest mumbles some strange prayers to Beogh against you.
Beogh smites you!
* * * LOW HITPOINT WARNING * * *
As you read the scroll of teleportation, it crumbles to dust.
You feel strangely unstable. You block the orc priest's attack.
The orc wizard hits you but does no damage.
You barely miss the orc priest.
The orc priest is almost dead.
The orc priest invokes the aid of Beogh against you.
Beogh smites you!
* * * LOW HITPOINT WARNING * * *
You block the orc wizard's attack.
Unknown command.
You don't know any spells.
Your skin crawls.
You feel resistant to hostile enchantments.
You feel somewhat more hungry.
The orc priest invokes the aid of Beogh against you.
Beogh smites you!
You die...

######### ## #.......# .##
#.#####.# .>. .....##.# ..
#.##.##.# # #.# #.##.##.# #. .o#
#.#.#.#.# #.#####o.# #..###..#
...#@oo# ###.#.### #.#o######.
##..# #.......... ##.#
##.######## #+## #.# #.# ##...##
####.# #####.##### ##.....##
##.##.# #........)###.......##
#...#.#####.###.>.#.##.........#
.....................'.........+


You could see 3 orc priests, an orc wizard and an orc.

Vanquished Creatures
  A two-headed ogre (D:8)
  A komodo dragon (D:8)
  Prince Ribbit (D:5)
  Eustachio (D:5)
  A wyvern (D:8)
  A hungry ghost (D:8)
  Menkaure (D:5)
  2 water moccasins
  2 ogres
  A black bear (D:7)
  2 eyes of draining (D:8)
  An ice beast (D:6)
  A centaur (D:7)
  A big kobold (Sewer)
  7 bullfrogs
  2 scorpions
  5 wights (D:7)
  3 howler monkeys
  3 crimson imps
  2 jellies (D:8)
  2 quasits
  A hound (D:4)
  A bullfrog skeleton (D:6)
  2 orc priests
  4 orc wizards
  2 iguanas (D:7)
  7 worker ants
  A hound zombie (D:5)
  15 gnolls
  15 adders
  2 howler monkey skeletons
  2 shadow imps (D:6)
  An ooze (D:7)
  5 worms
  2 adder skeletons
  2 dart slugs
  6 leopard geckos
  17 orcs
  7 bats
  A bat zombie (D:8)
  8 giant cockroaches
  8 goblins
  11 hobgoblins
  9 jackals
  9 kobolds
  4 quokkas
  4 ball pythons
  3 frilled lizards
  A jackal skeleton (D:5)
  A leopard gecko skeleton (D:5)
  A quokka zombie (D:6)
  10 rats
203 creatures vanquished.

Vanquished Creatures (collateral kills)
  2 orc priests (D:8)
  2 orcs (D:8)
4 creatures vanquished.

Vanquished Creatures (others)
  A quokka (D:3)
  A plant (D:8)
2 creatures vanquished.

Grand Total: 209 creatures vanquished

Notes
Turn   | Place    | Note
-------+----------+-------------------------------------------
     0 | D:1      | DarthKuruptios2 the Gargoyle Fighter began the quest for the Orb.
     0 | D:1      | Reached XP level 1. HP: 14/14 MP: 1/1
   194 | D:1      | Reached XP level 2. HP: 17/19 MP: 2/2
   749 | D:2      | Reached XP level 3. HP: 21/24 MP: 3/3
   910 | D:2      | Upgraded the game from 0.20-a0-435-gf4ea4dd to 0.20-a0-439-g81164ae
  1096 | D:2      | Found a bloodstained altar of Trog.
  1282 | D:2      | Reached XP level 4. HP: 7/29 MP: 4/4
  1554 | D:2      | Became a worshipper of Trog the Wrathful
  1857 | D:2      | Reached skill level 3 in Maces & Flails
  2366 | D:3      | Found a glowing drain.
  2370 | D:3      | Reached XP level 5. HP: 33/33 MP: 5/5
  2386 | D:3      | Reached * piety under Trog
  2400 | Sewer    | Entered a sewer
  2471 | Sewer    | Noticed a big kobold
  2492 | Sewer    | Killed a big kobold
  2518 | Sewer    | Found a white marble altar of Elyvilon.
  2721 | D:3      | Reached XP level 6. HP: 36/39 MP: 6/6
  2794 | D:3      | Reached skill level 4 in Maces & Flails
  2916 | D:3      | Reached ** piety under Trog
  3299 | D:4      | Found Ozxoidd's Jewellery Boutique.
  3322 | D:4      | Bought the cursed ring of Veett {*Contam +Fly rN+ AC-2 Dex+3} for 105 gold pieces
  3531 | D:4      | Upgraded the game from 0.20-a0-439-g81164ae to 0.20-a0-443-g0464b71
  3531 | D:4      | Reached skill level 5 in Armour
  3531 | D:4      | Reached XP level 7. HP: 22/44 MP: 7/7
  3775 | D:4      | Found a radiant altar of Vehumet.
  3825 | D:4      | Reached skill level 5 in Fighting
  3825 | D:4      | Reached skill level 5 in Maces & Flails
  3879 | D:5      | Entered Level 5 of the Dungeon
  3896 | D:5      | Reached skill level 5 in Shields
  4136 | D:5      | Noticed Prince Ribbit
  4163 | D:5      | Reached XP level 8. HP: 47/50 MP: 8/8
  4184 | D:5      | Killed Prince Ribbit
  4184 | D:5      | Reached skill level 6 in Maces & Flails
  4423 | D:5      | Found a shadowy altar of Dithmenos.
  4427 | D:5      | Noticed Eustachio
  4441 | D:5      | Noticed Menkaure
  4766 | D:5      | Killed Menkaure
  4792 | D:5      | Killed Eustachio
  5200 | D:6      | Upgraded the game from 0.20-a0-443-g0464b71 to 0.20-a0-445-gc6cb2a6
  5330 | D:6      | Found a deep blue altar of Sif Muna.
  5401 | D:6      | Reached skill level 7 in Maces & Flails
  5529 | D:6      | Reached *** piety under Trog
  5640 | D:6      | Reached XP level 9. HP: 46/56 MP: 9/9
  5764 | D:6      | Found a sparkling altar of Nemelex Xobeh.
  6136 | D:7      | Reached skill level 8 in Maces & Flails
  6407 | D:7      | Found a staircase to the Ecumenical Temple.
  6539 | D:7      | Found Loigigha's Armour Shop.
  6657 | D:7      | Reached **** piety under Trog
  7064 | D:8      | Found a staircase to the Lair.
  7065 | D:8      | Noticed a komodo dragon
  7085 | D:8      | Killed a komodo dragon
  7085 | D:8      | Reached skill level 9 in Maces & Flails
  7085 | D:8      | Reached XP level 10. HP: 24/63 MP: 10/10
  7390 | D:8      | Found an ancient bone altar of Kikubaaqudgha.
  7525 | D:8      | Noticed a two-headed ogre
  7537 | D:8      | Killed a two-headed ogre
  7978 | D:8      | HP: 2/64 [orc priest/divine providence (11)]
  7979 | D:8      | Killed from afar by an orc priest

Vault maps used:
D:1:      mrwooster_arrival_statue_2
D:2:      lemuel_coloured_pillars_altar
D:3:      minmay_diamond_boxcup, first_bread, portal_sewer_entry_b,
          lemuel_old_faithful
D:4:      vehumet_crystals, serial_shops, shop
D:5:      nicolae_dithmenos_shadow_blocks, uniq_menkaure, uniq_eustachio,
          uniq_prince_ribbit1
D:6:      kennysheep_mini_moat, nemelex_xobeh_ov_fountains_minmay,
          hangedman_decor_slide_cut, corexii_hall_statues_l,
          minmay_misc_feat_roman
D:7:      serial_shops, shop, grunt_ogre_cave
D:8:      lemuel_zombie_altar_kikubaaqudgha, david_lair_shrubbed
Sewer:    sewer_kobolds

Skill      XL: |  1  2  3  4  5  6  7  8  9 |
---------------+----------------------------+-----
Armour         | 4 5 6 7 |  7.9
Maces & Flails | 3 4 5 7 9 |  9.8
Fighting       | 4 5 6 7 |  7.9
Shields        | 4 5 6 7 |  7.9

Action                   |  1- 3 |  4- 6 |  7- 9 | 10-12 || total
-------------------------+-------+-------+-------+-------++-------
Melee: Flail             |   132 |   386 |   510 |   102 ||  1130
Invok: Burn Spellbooks   |       |     1 |       |       ||     1
       Berserk           |       |     3 |     4 |     1 ||     8
       Trog's Hand       |       |     1 |     4 |     2 ||     7
       Brothers in Arms  |       |       |       |     1 ||     1
  Use: Scroll            |     4 |     4 |     3 |     1 ||    12
       Potion            |     1 |       |     4 |       ||     5
  Eat: Chunk             |     1 |     6 |    14 |     5 ||    26
       Bread ration      |       |     1 |       |       ||     1
       Fruit             |       |       |     4 |       ||     4
       Beef jerky        |       |       |     2 |       ||     2
       Royal jelly       |       |       |       |     1 ||     1
Armor: Scale mail        |    22 |       |       |       ||    22
       Chain mail        |    90 |    31 |       |       ||   121
       Plate armour      |       |   348 |   433 |    45 ||   826
       Skin              |       |       |     5 |       ||     5
Dodge: Dodged            |    30 |    77 |   119 |     9 ||   235
Block: Shield            |    67 |   282 |   390 |    47 ||   786
